Workbook

Sheet Presupuesto Convenio
A1: ID | B1: CONCEPTO | C1: CANTIDAD | D1: VALOR MENSUAL | E1: MESES | F1: VALOR TOTAL | G1: CATEGORIA CIRCULAR 01 | H1: NIVEL | I1: DESCRIPCION PERFIL
A2: 1 | B2: EQUIPO PROFESIONAL
A3: 1.1 | B3: Ingeniero Topográfico | C3: 2 | D3: 5300000 | E3: 6 | F3: =(C3*D3)*E3 -> 63600000 | G3: III | H3: 3 | I3: Ingeniero Topográfico con especialización el SIG y al menos 16 meses de experiencia profesional en levantamientos topográficos y análisis predial.
A4: 1.2 | B4: Técnico Topográfico | C4: 1 | D4: 4000000 | E4: 6 | F4: =(C4*D4)*E4 -> 24000000 | G4: II | H4: 7 | I4: Técnico Topográfico con 30 meses de Experiencia en realización de levantamientos topográficos
A5: 1.3 | B5: Ingeniero catastral y geodesta | C5: 1 | D5: 5300000 | E5: 6 | F5: =(C5*D5)*E5 -> 31800000 | G5: III | H5: 3 | I5: Ingenio Catastral y Geodesia con especialización el SIG y al menos 16 meses de experiencia profesional en levantamientos topográficos y análisis predial.
A6: 1.4 | B6: Especialista SIG | C6: 2 | D6: 5300000 | E6: 6 | F6: =(C6*D6)*E6 -> 63600000 | G6: III | H6: 3 | I6: Profesional en Ingeniería Catastral, Geográfica, agrícola, agroforestal o afines con especialización el SIG y al menos 16 meses de experiencia profesional en levantamientos topográficos y análisis predial.
A7: 1.5 | B7: Ingeniero de Sistemas - Desarrollador | C7: 2 | D7: 5300000 | E7: 6 | F7: =(C7*D7)*E7 -> 63600000 | G7: III | H7: 3 | I7: Ingeniero de Sistemas con Especialización relacionada con programación de software y mínimo 16 meses de experiencia
A8: 1.6 | B8: Ingeniero de Sistemas - Requerimientos | C8: 2 | D8: 5300000 | E8: 6 | F8: =(C8*D8)*E8 -> 63600000 | G8: III | H8: 3 | I8: Ingeniero de Sistemas con Especialización relacionada con programación de software y mínimo 16 meses de experiencia
A9: 1.7 | B9: Profesionales Ciencías Agropecuarias | C9: 8 | D9: 5300000 | E9: 6 | F9: =(C9*D9)*E9 -> 254400000 | G9: III | H9: 3 | I9: Profesionales en ciencias agropecuarias, con especialización en áreas relacionadas con la gestión de proyectos o de producción agropecuaria o ambiental con mínimo 16 meses de experiencia profesional
A10: 1.8 | B10: Profesional Administrativo - Financiero | C10: 1 | D10: 5300000 | E10: 6 | F10: =(C10*D10)*E10 -> 31800000
A11: 1.9 | B11: Profesional Derecho | C11: 2 | D11: 4100000 | E11: 6 | F11: =(C11*D11)*E11 -> 49200000 | G11: III | H11: 1 | I11: Profesional en Derecho con especialización y mínimo 10 meses de experiencia laboral
A12: 1.10 | B12: Profesional Social | C12: 1 | D12: 4100000 | E12: 6 | F12: =(C12*D12)*E12 -> 24600000 | G12: III | H12: 1 | I12: Profesional en áreas sociales con mínimo 30 meses de experiencia
A13: 1.11 | B13: Técnicos en Gestión Documental | C13: 8 | D13: 2500000 | E13: 6 | F13: =(C13*D13)*E13 -> 120000000 | G13: II | H13: 1 | I13: Título de bachiller con al menos 12 meses de experiencia relacionada en gestión documental
A14: 1.12 | B14: Técnico Líder en Gestión Documental | C14: 1 | D14: 2800000 | E14: 6 | F14: =(C14*D14)*E14 -> 16800000 | G14: II | H14: 2 | I14: Título en formación técnica profesional o título de formación tecnológica con al menos 15 meses de experiencia en temas de gestión documental
A15: 1.13 | B15: Coordinador de Convenio | C15: 1 | D15: 8500000 | E15: 6 | F15: =(C15*D15)*E15 -> 51000000 | G15: IV | H15: 2 | I15: Título Profesional en cuentas administrativas o agropecuarias o ingenierías o afines, con maestria relacionada en gestión de proyectos y con al menos 6 meses de experiencia profesional
A16: 1.14 | B16: Profesional Administrativo | C16: 1 | D16: 4200000 | E16: 6 | F16: =(C16*D16)*E16 -> 25200000 | G16: II | H16: 7 | I16: Título Profesional en cuentas administrativas con 30 meses de experiencia relacionada.
A17: 1.15 | B17: Profesional Financiero | C17: 1 | D17: 6000000 | E17: 6 | F17: =(C17*D17)*E17 -> 36000000 | G17: III | H17: 5 | I17: Profesional en Ciencias Administrativas o profesional contador, con especialización en áreas relacionadas y con 22 meses de experiencia profesional.
A18: (1) SUBTOTAL CONTRATACIÓN EQUIPO PROFESIONAL | F18: =SUM(F3:F17) -> 919200000
A19: 2 | B19: TOPOGRAFIA Y AVALUOS COMERCIALES
A20: 2.1 | B20: Equipos de Topografia | C20: 1 | D20: 30000000 | E20: 6 | F20: =(C20*D20)*E20 -> 180000000
A21: 2.2 | B21: Avaluos Comerciales de Predio | C21: 60 | D21: 2500000 | E21: 1 | F21: =(C21*D21)*E21 -> 150000000
A22: (2) SUBTOTAL TOPOGRAFIA Y AVALUOS | F22: =+F20+F21 -> 330000000
A23: 3 | B23: GASTOS OPERATIVOS Y ADMINISTRATIVOS
A24: 3.1 | B24: Gastos Operacionales | C24: 1 | D24: 33060000 | E24: 6 | F24: =(C24*D24)*E24 -> 198360000
A25: 3.1 | B25: Gastos Administrativos | C25: 1 | D25: 33333333 | E25: 6 | F25: =+D25*C25*E25 -> 2e+08
A26: 3.2 | B26: Viaticos y Transportes | C26: 1 | D26: 58740000 | E26: 6 | F26: =(C26*D26)*E26 -> 352440000
A27: (3) SUBTOTAL GASTOS OPERATIVOS Y ADMINISTRATIVOS | F27: =SUM(F24:F26) -> 7.508e+08
A28: TOTAL CONVENIO | F28: =(F18+F22+F27) -> 2e+09

Sheet Presupuesto Mensual
B1: CONCEPTO | C1: MES 1 | D1: MES 2 | E1: MES 3 | F1: MES 4 | G1: MES 5 | H1: MES 6
B2: =('Presupuesto Convenio'!B3) -> Ingeniero Topográfico | C2: =('Presupuesto Convenio'!D3*'Presupuesto Convenio'!C3) -> 10600000 | D2: =('Presupuesto Convenio'!$D$3*'Presupuesto Convenio'!$C$3) -> 10600000 | E2: =('Presupuesto Convenio'!D3*'Presupuesto Convenio'!C3) -> 10600000 | F2: =('Presupuesto Convenio'!D3*'Presupuesto Convenio'!C3) -> 10600000 | G2: =('Presupuesto Convenio'!D3*'Presupuesto Convenio'!C3) -> 10600000 | H2: =('Presupuesto Convenio'!D3*'Presupuesto Convenio'!C3) -> 10600000
B3: =('Presupuesto Convenio'!B4) -> Técnico Topográfico | C3: =('Presupuesto Convenio'!D4*'Presupuesto Convenio'!C4) -> 4000000 | D3: =('Presupuesto Convenio'!D4*'Presupuesto Convenio'!C4) -> 4000000 | E3: =('Presupuesto Convenio'!D4*'Presupuesto Convenio'!C4) -> 4000000 | F3: =('Presupuesto Convenio'!D4*'Presupuesto Convenio'!C4) -> 4000000 | G3: =('Presupuesto Convenio'!D4*'Presupuesto Convenio'!C4) -> 4000000 | H3: =('Presupuesto Convenio'!D4*'Presupuesto Convenio'!C4) -> 4000000
B4: =('Presupuesto Convenio'!B5) -> Ingeniero catastral y geodesta | C4: =('Presupuesto Convenio'!D5*'Presupuesto Convenio'!C5) -> 5300000 | D4: =('Presupuesto Convenio'!D5*'Presupuesto Convenio'!C5) -> 5300000 | E4: =('Presupuesto Convenio'!D5*'Presupuesto Convenio'!C5) -> 5300000 | F4: =('Presupuesto Convenio'!D5*'Presupuesto Convenio'!C5) -> 5300000 | G4: =('Presupuesto Convenio'!D5*'Presupuesto Convenio'!C5) -> 5300000 | H4: =('Presupuesto Convenio'!D5*'Presupuesto Convenio'!C5) -> 5300000
B5: =('Presupuesto Convenio'!B6) -> Especialista SIG | C5: =('Presupuesto Convenio'!D6*'Presupuesto Convenio'!C6) -> 10600000 | D5: =('Presupuesto Convenio'!D6*'Presupuesto Convenio'!C6) -> 10600000 | E5: =('Presupuesto Convenio'!D6*'Presupuesto Convenio'!C6) -> 10600000 | F5: =('Presupuesto Convenio'!D6*'Presupuesto Convenio'!C6) -> 10600000 | G5: =('Presupuesto Convenio'!D6*'Presupuesto Convenio'!C6) -> 10600000 | H5: =('Presupuesto Convenio'!D6*'Presupuesto Convenio'!C6) -> 10600000
B6: =('Presupuesto Convenio'!B7) -> Ingeniero de Sistemas - Desarrollador | C6: =('Presupuesto Convenio'!D7*'Presupuesto Convenio'!C7) -> 10600000 | D6: =('Presupuesto Convenio'!D7*'Presupuesto Convenio'!C7) -> 10600000 | E6: =('Presupuesto Convenio'!D7*'Presupuesto Convenio'!C7) -> 10600000 | F6: =('Presupuesto Convenio'!D7*'Presupuesto Convenio'!C7) -> 10600000 | G6: =('Presupuesto Convenio'!D7*'Presupuesto Convenio'!C7) -> 10600000 | H6: =('Presupuesto Convenio'!D7*'Presupuesto Convenio'!C7) -> 10600000
B7: =('Presupuesto Convenio'!B8) -> Ingeniero de Sistemas - Requerimientos | C7: =('Presupuesto Convenio'!D8*'Presupuesto Convenio'!C8) -> 10600000 | D7: =('Presupuesto Convenio'!D8*'Presupuesto Convenio'!C8) -> 10600000 | E7: =('Presupuesto Convenio'!D8*'Presupuesto Convenio'!C8) -> 10600000 | F7: =('Presupuesto Convenio'!D8*'Presupuesto Convenio'!C8) -> 10600000 | G7: =('Presupuesto Convenio'!D8*'Presupuesto Convenio'!C8) -> 10600000 | H7: =('Presupuesto Convenio'!D8*'Presupuesto Convenio'!C8) -> 10600000
B8: =('Presupuesto Convenio'!B9) -> Profesionales Ciencías Agropecuarias | C8: =('Presupuesto Convenio'!D9*'Presupuesto Convenio'!C9) -> 42400000 | D8: =('Presupuesto Convenio'!D9*'Presupuesto Convenio'!C9) -> 42400000 | E8: =('Presupuesto Convenio'!D9*'Presupuesto Convenio'!C9) -> 42400000 | F8: =('Presupuesto Convenio'!D9*'Presupuesto Convenio'!C9) -> 42400000 | G8: =('Presupuesto Convenio'!D9*'Presupuesto Convenio'!C9) -> 42400000 | H8: =('Presupuesto Convenio'!D9*'Presupuesto Convenio'!C9) -> 42400000
B9: =('Presupuesto Convenio'!B10) -> Profesional Administrativo - Financiero | C9: =('Presupuesto Convenio'!D10*'Presupuesto Convenio'!C10) -> 5300000 | D9: =('Presupuesto Convenio'!D10*'Presupuesto Convenio'!C10) -> 5300000 | E9: =('Presupuesto Convenio'!D10*'Presupuesto Convenio'!C10) -> 5300000 | F9: =('Presupuesto Convenio'!D10*'Presupuesto Convenio'!C10) -> 5300000 | G9: =('Presupuesto Convenio'!D10*'Presupuesto Convenio'!C10) -> 5300000 | H9: =('Presupuesto Convenio'!D10*'Presupuesto Convenio'!C10) -> 5300000
B10: =('Presupuesto Convenio'!B11) -> Profesional Derecho | C10: =('Presupuesto Convenio'!D11*'Presupuesto Convenio'!C11) -> 8200000 | D10: =('Presupuesto Convenio'!D11*'Presupuesto Convenio'!C11) -> 8200000 | E10: =('Presupuesto Convenio'!D11*'Presupuesto Convenio'!C11) -> 8200000 | F10: =('Presupuesto Convenio'!D11*'Presupuesto Convenio'!C11) -> 8200000 | G10: =('Presupuesto Convenio'!D11*'Presupuesto Convenio'!C11) -> 8200000 | H10: =('Presupuesto Convenio'!D11*'Presupuesto Convenio'!C11) -> 8200000
B11: =('Presupuesto Convenio'!B12) -> Profesional Social | C11: =('Presupuesto Convenio'!D12*'Presupuesto Convenio'!C12) -> 4100000 | D11: =('Presupuesto Convenio'!D12*'Presupuesto Convenio'!C12) -> 4100000 | E11: =('Presupuesto Convenio'!D12*'Presupuesto Convenio'!C12) -> 4100000 | F11: =('Presupuesto Convenio'!D12*'Presupuesto Convenio'!C12) -> 4100000 | G11: =('Presupuesto Convenio'!D12*'Presupuesto Convenio'!C12) -> 4100000 | H11: =('Presupuesto Convenio'!D12*'Presupuesto Convenio'!C12) -> 4100000
B12: =('Presupuesto Convenio'!B13) -> Técnicos en Gestión Documental | C12: =('Presupuesto Convenio'!D13*'Presupuesto Convenio'!C13) -> 20000000 | D12: =('Presupuesto Convenio'!D13*'Presupuesto Convenio'!C13) -> 20000000 | E12: =('Presupuesto Convenio'!D13*'Presupuesto Convenio'!C13) -> 20000000 | F12: =('Presupuesto Convenio'!D13*'Presupuesto Convenio'!C13) -> 20000000 | G12: =('Presupuesto Convenio'!D13*'Presupuesto Convenio'!C13) -> 20000000 | H12: =('Presupuesto Convenio'!D13*'Presupuesto Convenio'!C13) -> 20000000
B13: =('Presupuesto Convenio'!B14) -> Técnico Líder en Gestión Documental | C13: =('Presupuesto Convenio'!D14*'Presupuesto Convenio'!C14) -> 2800000 | D13: =('Presupuesto Convenio'!D14*'Presupuesto Convenio'!C14) -> 2800000 | E13: =('Presupuesto Convenio'!D14*'Presupuesto Convenio'!C14) -> 2800000 | F13: =('Presupuesto Convenio'!D14*'Presupuesto Convenio'!C14) -> 2800000 | G13: =('Presupuesto Convenio'!D14*'Presupuesto Convenio'!C14) -> 2800000 | H13: =('Presupuesto Convenio'!D14*'Presupuesto Convenio'!C14) -> 2800000
B14: =('Presupuesto Convenio'!B15) -> Coordinador de Convenio | C14: =('Presupuesto Convenio'!D15*'Presupuesto Convenio'!C15) -> 8500000 | D14: =('Presupuesto Convenio'!D15*'Presupuesto Convenio'!C15) -> 8500000 | E14: =('Presupuesto Convenio'!D15*'Presupuesto Convenio'!C15) -> 8500000 | F14: =('Presupuesto Convenio'!D15*'Presupuesto Convenio'!C15) -> 8500000 | G14: =('Presupuesto Convenio'!D15*'Presupuesto Convenio'!C15) -> 8500000 | H14: =('Presupuesto Convenio'!D15*'Presupuesto Convenio'!C15) -> 8500000
... B16: =('Presupuesto Convenio'!B17) -> Profesional Financiero | C16: =('Presupuesto Convenio'!D17*'Presupuesto Convenio'!C17) -> 6000000 | D16: =('Presupuesto Convenio'!D17*'Presupuesto Convenio'!C17) -> 6000000 | E16: =('Presupuesto Convenio'!D17*'Presupuesto Convenio'!C17) -> 6000000 | F16: =('Presupuesto Convenio'!D17*'Presupuesto Convenio'!C17) -> 6000000 | G16: =('Presupuesto Convenio'!D17*'Presupuesto Convenio'!C17) -> 6000000 | H16: =('Presupuesto Convenio'!D17*'Presupuesto Convenio'!C17) -> 6000000
B17: SUB TOTAL EQUIPO PROFESIONAL | C17: =SUM(C2:C16) -> 153200000 | D17: =SUM(D2:D16) -> 153200000 | E17: =SUM(E2:E16) -> 153200000 | F17: =SUM(F2:F16) -> 153200000 | G17: =SUM(G2:G16) -> 153200000 | H17: =SUM(H2:H16) -> 153200000
B18: Equipos de Topografia | C18: =('Presupuesto Convenio'!D20*'Presupuesto Convenio'!C20) -> 30000000 | D18: =('Presupuesto Convenio'!$D$20) -> 30000000 | E18: =('Presupuesto Convenio'!$D$20) -> 30000000 | F18: =('Presupuesto Convenio'!$D$20) -> 30000000 | G18: =('Presupuesto Convenio'!$D$20) -> 30000000 | H18: =('Presupuesto Convenio'!$D$20) -> 30000000
B19: Avaluos Comerciales de Predio | D19: 30000000 | E19: 30000000 | F19: 30000000 | G19: 30000000 | H19: 30000000
B20: SUB TOTAL AVALUOS Y TOPOGRAFIA | C20: =SUM(C18:C19) -> 30000000 | D20: =SUM(D18:D19) -> 60000000 | E20: =SUM(E18:E19) -> 60000000 | F20: =SUM(F18:F19) -> 60000000 | G20: =SUM(G18:G19) -> 60000000 | H20: =SUM(H18:H19) -> 60000000
B21: =('Presupuesto Convenio'!B24) -> Gastos Operacionales | C21: =('Presupuesto Convenio'!$D$24) -> 33060000 | D21: =('Presupuesto Convenio'!$D$24) -> 33060000 | E21: =('Presupuesto Convenio'!$D$24) -> 33060000 | F21: =('Presupuesto Convenio'!$D$24) -> 33060000 | G21: =('Presupuesto Convenio'!$D$24) -> 33060000 | H21: =('Presupuesto Convenio'!$D$24) -> 33060000
B22: =('Presupuesto Convenio'!B25) -> Gastos Administrativos | C22: =('Presupuesto Convenio'!$D$25) -> 33333333 | D22: =('Presupuesto Convenio'!$D$25) -> 33333333 | E22: =('Presupuesto Convenio'!$D$25) -> 33333333 | F22: =('Presupuesto Convenio'!$D$25) -> 33333333 | G22: =('Presupuesto Convenio'!$D$25) -> 33333333 | H22: =('Presupuesto Convenio'!$D$25) -> 33333333
B23: Viaticos y Transportes | C23: =('Presupuesto Convenio'!$D$26) -> 58740000 | D23: =('Presupuesto Convenio'!$D$26) -> 58740000 | E23: =('Presupuesto Convenio'!$D$26) -> 58740000 | F23: =('Presupuesto Convenio'!$D$26) -> 58740000 | G23: =('Presupuesto Convenio'!$D$26) -> 58740000 | H23: =('Presupuesto Convenio'!$D$26) -> 58740000
B24: SUB TOTAL ADMINISTRATIVOS Y OPERATIVOS | C24: =SUM(C21:C23) -> 1.2513333e+08 | D24: =SUM(D21:D23) -> 1.2513333e+08 | E24: =SUM(E21:E23) -> 1.2513333e+08 | F24: =SUM(F21:F23) -> 1.2513333e+08 | G24: =SUM(G21:G23) -> 1.2513333e+08 | H24: =SUM(H21:H23) -> 1.2513333e+08
B25: TOTAL PRESUPUESTO MENSUAL | C25: =(C17+C20+C24) -> 3.0833333e+08 | D25: =(D17+D20+D24) -> 3.3833333e+08 | E25: =(E17+E20+E24) -> 3.3833333e+08 | F25: =(F17+F20+F24) -> 3.3833333e+08 | G25: =(G17+G20+G24) -> 3.3833333e+08 | H25: =(H17+H20+H24) -> 3.3833333e+08
B27: VALOR CONVENIO | C27: 2000000000 | D27: VALOR DESEMBOLSO | E27: REQUERIMIENTO FINANCIERO | F27: SALDO ANTERIOR | G27: SALDO
B28: Desembolso 1 | C28: 0.4 | D28: =+D34 -> 800000000 | E28: =+C25+D25 -> 6.4666667e+08 | F28: 0 | G28: =+D28-E28 -> 1.5333333e+08
B29: Desembolso 2 | C29: 0.3 | D29: =+D35 -> 600000000 | E29: =(E25+F25) -> 6.7666667e+08 | F29: =+G28 -> 1.5333333e+08 | G29: =((D29+F29)-E29) -> 76666667
B30: Desembolso 3 | C30: 0.25 | D30: =+D36 -> 500000000 | E30: =(G25+H25) -> 6.7666667e+08 | F30: =+G29 -> 76666667 | G30: =(((D30+F30)-E30)) -> -1e+08
B31: Desembolso 4 | C31: 0.05 | D31: =+D37 -> 100000000 | E31: =(G26+H26) -> 0 | F31: =+G30 -> -1e+08 | G31: =(D31+F31) -> 0.0200001
B33: DESEMBOLSO | C33: PORCENTAJE | D33: VALOR | E33: AVANCE POA | F33: FECHA ESTIMADA
B34: 1 | C34: 0.4 | D34: =($C$27*C34) -> 800000000 | E34: 0.023 | F34: Mes 1
B35: 2 | C35: 0.3 | D35: =($C$27*C35) -> 600000000 | E35: 0.4 | F35: MES 3
B36: 3 | C36: 0.25 | D36: =($C$27*C36) -> 500000000 | E36: 0.7 | F36: MES 5
B37: 4 | C37: 0.05 | D37: =($C$27*C37) -> 100000000 | E37: 1 | F37: Mes 7

Sheet Distribucion de Recursos
F1: Actividades | G1: Equipo | H1: TOTAL
A2: VALOR TOTAL CONVENIO | C2: 2000000000 | E2: DINERO | F2: 292840000 | G2: 132570000 | H2: =SUM(F2:G2) -> 425410000
E3: ESPECIE | F3: 30000000 | G3: 195780000 | H3: =SUM(F3:G3) -> 225780000 | I3: =SUM(H3+H2) -> 651190000
C4: RECURSOS ANT | F4: RECURSOS CORPROGRESO
A5: LINEA DE ACCION | B5: OBJETIVO | C5: RUBRO | D5: VALOR ($) | E5: PORCENTAJE (%) | F5: DINERO | G5: ESPECIE | H5: PORCENTAJE (%)
A6: L1 | B6: ESTABLECER LA ESTRATEGIA OPERATIVA QUE PERMITA LA EJECUCIÓN DE LAS ACTIVIDADES ESTABLECIDAS EN EL CONVENIO | C6: EQUIPO PROFESIONAL | D6: =('Presupuesto Mensual'!C14+'Presupuesto Mensual'!C15+'Presupuesto Mensual'!C16) -> 18700000 | E6: =(D6/C2) -> 0.00935 | F6: =+'PARTICIPACION % CONTRAPARTIDA'!D9*'PARTICIPACION % CONTRAPARTIDA'!E9+'PARTICIPACION % CONTRAPARTIDA'!D7*'PARTICIPACION % CONTRAPARTIDA'!E7 -> 30500000 | G6: 0 | H6: =+F6/I3 -> 0.046837329
C7: GASTOS OPERACIONALES | D7: =('Presupuesto Convenio'!F24*5%) -> 9918000 | E7: =(D7/C2) -> 0.004959 | F7: 0 | G7: ='PARTICIPACION % CONTRAPARTIDA'!D40*'PARTICIPACION % CONTRAPARTIDA'!E40 -> 48945000 | H7: =+G7/I3 -> 0.075162395
C8: GASTOS ADMINISTRATIVOS | D8: =('Presupuesto Convenio'!F25*0.05) -> 10000000 | E8: =(D8/$C$2) -> 0.005 | F8: ='PARTICIPACION % CONTRAPARTIDA'!D24*'PARTICIPACION % CONTRAPARTIDA'!E24 -> 33142500 | G8: 0 | H8: =+F8/I3 -> 0.050895284
C9: SUBTOTAL | D9: =SUM(D6:D8) -> 38618000 | E9: =(D9/C2) -> 0.019309 | F9: =SUM(F6:F8) -> 63642500 | G9: =SUM(G6:G8) -> 48945000 | H9: =SUM(H6:H8) -> 0.17289501
A10: L2 | B10: REALIZAR EL MEJORAMIENTO Y SOPORTE DE LAS FUNCIONALIDADES REQUERIDAS EN EL APLICATIVO SIDRA -SIRA -SIT, ASÍ COMO LA CONSTRUCCIÓN DE NUEVAS FUNCIONALIDADES DEL SISTEMA DE INFORMACIÓN DEL REGISTRO DE INMUEBLES RURALES - RIR. | C10: EQUIPO PROFESIONAL | D10: =('Presupuesto Convenio'!F7+'Presupuesto Convenio'!F8) -> 127200000 | E10: =(D10/$C$2) -> 0.0636 | F10: =+'PARTICIPACION % CONTRAPARTIDA'!D8*'PARTICIPACION % CONTRAPARTIDA'!F8+'PARTICIPACION % CONTRAPARTIDA'!D9*'PARTICIPACION % CONTRAPARTIDA'!F9 -> 17300000 | G10: ='PARTICIPACION % CONTRAPARTIDA'!D41*'PARTICIPACION % CONTRAPARTIDA'!F41 -> 6000000 | H10: =(F10+G10)/I3 -> 0.035780648
C11: GASTOS OPERACIONALES | D11: =('Presupuesto Convenio'!F24*20%) -> 39672000 | E11: =(D11/$C$2) -> 0.019836 | F11: =('[1]Presupuesto Convenio'!I25*20%) -> 0 | G11: ='PARTICIPACION % CONTRAPARTIDA'!D40*'PARTICIPACION % CONTRAPARTIDA'!F40 -> 48945000 | H11: =+G11/I3 -> 0.075162395
C12: GASTOS ADMINISTRATIVOS | D12: =('Presupuesto Convenio'!F25*0.2) -> 40000000 | E12: =(D12/$C$2) -> 0.02 | F12: =+'PARTICIPACION % CONTRAPARTIDA'!D24*'PARTICIPACION % CONTRAPARTIDA'!F24 -> 33142500 | G12: 0 | H12: =+F12/I3 -> 0.050895284
C13: SUBTOTAL | D13: =SUM(D10:D12) -> 2.06872e+08 | E13: =(D13/$C$2) -> 0.103436 | F13: =SUM(F10:F12) -> 50442500 | G13: =SUM(G10:G12) -> 54945000 | H13: =SUM(H10:H12) -> 0.16183833
A14: L3 | B14: REALIZAR LA NORMALIZACIÓN DE EXPEDIENTES DE LOS PROCESOS DE SUBSIDIO MATERIALIZADOS | C14: EQUIPO PROFESIONAL | D14: =('Presupuesto Convenio'!F13+'Presupuesto Convenio'!F14) -> 136800000 | E14: =(D14/$C$2) -> 0.0684 | F14: =+'PARTICIPACION % CONTRAPARTIDA'!D8*'PARTICIPACION % CONTRAPARTIDA'!G8+'PARTICIPACION % CONTRAPARTIDA'!D9*'PARTICIPACION % CONTRAPARTIDA'!G9 -> 29350000 | G14: ='PARTICIPACION % CONTRAPARTIDA'!D41*'PARTICIPACION % CONTRAPARTIDA'!G41 -> 12000000 | H14: =(F14+G14)/I3 -> 0.063499132
C15: GASTOS OPERACIONALES | D15: =('Presupuesto Convenio'!F24*20%) -> 39672000 | E15: =(D15/$C$2) -> 0.019836 | F15: =('[1]Presupuesto Convenio'!I25*20%) -> 0 | G15: ='PARTICIPACION % CONTRAPARTIDA'!D40*'PARTICIPACION % CONTRAPARTIDA'!G40 -> 48945000 | H15: =+G15/I3 -> 0.075162395
C16: GASTOS ADMINISTRATIVOS | D16: =('Presupuesto Convenio'!F25*0.2) -> 40000000 | E16: =(D16/$C$2) -> 0.02 | F16: =+'PARTICIPACION % CONTRAPARTIDA'!D24*'PARTICIPACION % CONTRAPARTIDA'!G24 -> 33142500 | G16: 0 | H16: =+F16/I3 -> 0.050895284
C17: SUBTOTAL | D17: =SUM(D14:D16) -> 2.16472e+08 | E17: =(D17/$C$2) -> 0.108236 | F17: =SUM(F14:F16) -> 62492500 | G17: =SUM(G14:G16) -> 60945000 | H17: =SUM(H14:H16) -> 0.18955681
A18: L4 | B18: DESARROLLAR LAS ACTIVIDADES ESTABLECIDAS PARA LA MATERIALIZACIÓN DE LOS SUBSIDIOS DE LAS CONVOCATORIAS SIT, SIDRA Y SIRA DE ACUERDO CON LA NORMATIVIDAD Y PROCEDIMIENTOS VIGENTES | C18: EQUIPO PROFESIONAL | D18: =('Presupuesto Convenio'!F3+'Presupuesto Convenio'!F4+'Presupuesto Convenio'!F5+'Presupuesto Convenio'!F6+'Presupuesto Convenio'!F7+'Presupuesto Convenio'!F8+'Presupuesto Convenio'!F9+'Presupuesto Convenio'!F10+'Presupuesto Convenio'!F11+'Presupuesto Convenio'!F12+'Presupuesto Convenio'!F15+'Presupuesto Convenio'!F16+'Presupuesto Convenio'!F17)-D6-D10 -> 636500000 | E18: =(D18/$C$2) -> 0.31825 | F18: =+'PARTICIPACION % CONTRAPARTIDA'!D4*'PARTICIPACION % CONTRAPARTIDA'!H4+14562000*'PARTICIPACION % CONTRAPARTIDA'!H5+'PARTICIPACION % CONTRAPARTIDA'!D6*'PARTICIPACION % CONTRAPARTIDA'!H6+'PARTICIPACION % CONTRAPARTIDA'!D7*'PARTICIPACION % CONTRAPARTIDA'!H7+'PARTICIPACION % CONTRAPARTIDA'!D8*'PARTICIPACION % CONTRAPARTIDA'!H8+'PARTICIPACION % CONTRAPARTIDA'!D9*'PARTICIPACION % CONTRAPARTIDA'!H9 -> 200252000 | G18: ='PARTICIPACION % CONTRAPARTIDA'!D41*'PARTICIPACION % CONTRAPARTIDA'!H41 -> 12000000 | H18: =(F18+G18)/I3 -> 0.32594481
C19: GASTOS OPERACIONALES | D19: =('Presupuesto Convenio'!F24-'Distribucion de Recursos'!D7-'Distribucion de Recursos'!D11-'Distribucion de Recursos'!D15)+'Presupuesto Convenio'!F26 -> 461538000 | E19: =(D19/$C$2) -> 0.230769 | F19: 9000000 | G19: ='PARTICIPACION % CONTRAPARTIDA'!D40*'PARTICIPACION % CONTRAPARTIDA'!H40 -> 48945000 | H19: =+(G19+F19)/I3 -> 0.088983246
C20: TOPOGRAFIA Y AVALUOS COMERCIALES | D20: =('Presupuesto Convenio'!F22) -> 330000000 | E20: =(D20/$C$2) -> 0.165 | F20: 6438000 | G20: 0 | H20: =+F20/I3 -> 0.0098865155
C21: GASTOS ADMINISTRATIVOS | D21: =('Presupuesto Convenio'!F25-'Distribucion de Recursos'!D8-'Distribucion de Recursos'!D12-'Distribucion de Recursos'!D16) -> 1.1e+08 | E21: =(D21/$C$2) -> 0.055 | F21: =+'PARTICIPACION % CONTRAPARTIDA'!D24*'PARTICIPACION % CONTRAPARTIDA'!H24 -> 33142500 | G21: 0 | H21: =+F21/I3 -> 0.050895284
C22: SUBTOTAL | D22: =SUM(D18:D21) -> 1.538038e+09 | E22: =(D22/$C$2) -> 0.769019 | F22: =SUM(F18:F21) -> 248832500 | G22: =SUM(G18:G21) -> 60945000 | H22: =SUM(H18:H21) -> 0.47570985
C23: TOTAL CONVENIO | D23: =+D9+D13+D17+D22 -> 2e+09 | E23: =(E9+E13+E17+E22) -> 1 | F23: =+F9+F13+F17+F22 -> 425410000 | G23: =+G9+G13+G17+G22 -> 225780000 | H23: =(H9+H13+H17+H22) -> 1

Sheet PARTICIPACION % CONTRAPARTIDA
C3: Concepto | D3: Cantidad | E3: LINEA DE ACCION #1 | F3: LINEA DE ACCION #2 | G3: LINEA DE ACCION #3 | H3: LINEA DE ACCION #4 | I3: NOTAS ACLARATORIAS | P3: Línea 1 | Q3: Línea 2 | R3: Línea 3 | S3: Línea 4 | T3: Total
B4: ACTIVIDADES ADICIONALES (Dentro de la Hoja de Ruta) | C4: Jornada de Socialización con 113 Predios | D4: 74640000 | E4: 0 | F4: 0 | G4: 0 | H4: 1 | I4: En el desarrollo de esta actividad lo que se pretende es tener conocimiento de la información de cada uno de los postulantes. Estas jornadas están contempladas para una ejecución en tiempo de Mes y medio, en ella se vinculan 4 profesionales, el costos de Movilidad nacional y territorial, Hospedaje, Alimentos, Implementos de Bioseguridad e insumos necesarios para las actividades de campo. | N4: APORTE EN DINERO (COOPERACION INTERNACIONAL) | P4: =+$D$4*E4 -> 0 | Q4: =+$D$4*F4 -> 0 | R4: =+$D$4*G4 -> 0 | S4: =+$D$4*H4 -> 74640000 | T4: =SUM(P4:S4) -> 74640000 | U4: =+SUM(T4:T7) -> 223640000
B5: ACTIVIDADES COMPLEMENTARIAS (Dentro de la Hoja de Ruta) | C5: Impulso de levantamientos Topográficos (Dentro de la Ruta) | D5: 30000000 | E5: 0 | F5: 0 | G5: 0 | H5: 1 | I5: Lo que se pretende es poder incrementar levantamientos topográficos de predios que sean sujetos a desistimientos o nuevas postulaciones para así poder llegar a cumplir la meta establecida en el marco del convenio. 12 Impulso de levantamientos Topográficos (Dentro de la hoja de Ruta) La distribucion de este recurso estara aplicado en un 48.54% a EQUIPO DE TRABAJO PROFESIONA $14.562.000L, 30% GASTOS OPERACIONALES (VIATICOS) $9.000.000 Y 21.46% TOPOGRAFIA EQUIPOS $6.438.000. | P5: =+$D$5*E5 -> 0 | Q5: =+$D$5*F5 -> 0 | R5: =+$D$5*G5 -> 0 | S5: =+$D$5*H5 -> 30000000 | T5: =SUM(P5:S5) -> 30000000
C6: Complementar Realizar los diagnósticos y/o estructuraciones de proyectos productivos | D6: 18000000 | E6: 0 | F6: 0 | G6: 0 | H6: 1 | I6: Se pretende ampliar los diagnósticos y/o estructuraciones de proyectos productivos , para 6 proyectos productivos. | P6: =+$D$6*E6 -> 0 | Q6: =+$D$6*F6 -> 0 | R6: =+$D$6*G6 -> 0 | S6: =+$D$6*H6 -> 18000000 | T6: =SUM(P6:S6) -> 18000000
B7: ACTIVIDADES ADICIONALES (Dentro de la Hoja de Ruta) | C7: Líneas de Trabajos Jornadas de Capacitación y Formación (MUJER RURAL Y SUBSIDIO DE TIERRAS) | D7: 101000000 | E7: 0.25 | F7: 0 | G7: 0 | H7: 0.75 | I7: Establecer la diferencia entre lo que la población campesina está haciendo y lo que debería hacer con relación a la convivencia familiar-comunitaria enfatizando en el empoderamiento de la mujer, al uso, aprovechamiento y cuidado de la tierra, teniendo en cuenta los beneficios que se logran al acceder a ella y por último la importancia que adquiere la gobernanza territorial para acceder a esos beneficios. 2 Jornadas de Capacitación y Formación (MUJER RURAL Y SUBSIDIO DE TIERRAS) | P7: =+$D$7*E7 -> 25250000 | Q7: =+$D$7*F7 -> 0 | R7: =+$D$7*G7 -> 0 | S7: =+$D$7*H7 -> 75750000 | T7: =SUM(P7:S7) -> 101000000
C8: Jornadas de Sinergia Institucional Territorial | D8: 48200000 | E8: 0 | F8: 0.25 | G8: 0.5 | H8: 0.25 | I8: Especialmente la promoción de una articulación entre instituciones siempre pensado desde la mejor atención a los ciudadanos. 5 Jornadas de Sinergia Institucional Territorial | N8: APORTE EN DINERO (RECURSOS PROPIOS) | P8: =+$D$8*E8 -> 0 | Q8: =+$D$8*F8 -> 12050000 | R8: =+$D$8*G8 -> 24100000 | S8: =+$D$8*H8 -> 12050000 | T8: =SUM(P8:S8) -> 48200000 | U8: =+SUM(T8+T9) -> 69200000
C9: Recursos para actividades de libre destinación para ANT (Dentro de la Hoja de Ruta) | D9: 21000000 | E9: 0.25 | F9: 0.25 | G9: 0.25 | H9: 0.25 | I9: Se concertara con la Agencia en que actividad o línea de acción especifica se asignara este recurso de contrapartida en dinero. | P9: =+$D$9*E9 -> 5250000 | Q9: =+$D$9*F9 -> 5250000 | R9: =+$D$9*G9 -> 5250000 | S9: =+$D$9*H9 -> 5250000 | T9: =SUM(P9:S9) -> 21000000
D10: =SUM(D4:D9) -> 292840000 | E10: =SUM(E4:E9)/6 -> 0.083333333 | F10: =SUM(F4:F9)/6 -> 0.083333333 | G10: =SUM(G4:G9)/6 -> 0.125 | H10: =SUM(H4:H9)/6 -> 0.70833333 | P10: =SUM(P4:P9) -> 30500000 | Q10: =SUM(Q4:Q9) -> 17300000 | R10: =SUM(R4:R9) -> 29350000 | S10: =SUM(S4:S9) -> 215690000 | T10: =SUM(P10:S10) -> 292840000
C11: Concepto | D11: Cantidad | E11: LINEA DE ACCION #1 | F11: LINEA DE ACCION #2 | G11: LINEA DE ACCION #3 | H11: LINEA DE ACCION #4 | I11: NOTAS ACLARATORIAS
B12: Personal Administrativo Transversal | C12: OFICINA NACIONAL BOGOTA | D12: 36000000 | E12: 0.25 | F12: 0.25 | G12: 0.25 | H12: 0.25 | I12: Esta oficina estará disponible para el equipo transversal del proyecto durante 6 meses. | N12: APORTE EN DINERO (RECURSOS PROPIOS) | P12: =+$D$12*E12 -> 9000000 | Q12: =+$D$12*F12 -> 9000000 | R12: =+$D$12*G12 -> 9000000 | S12: =+$D$12*H12 -> 9000000 | T12: =SUM(P12:S12) -> 36000000 | U12: =+SUM(T12:T23) -> 132570000
C13: CONTADOR PUBLICO Dedicación 40% | D13: 6000000 | E13: 0.25 | F13: 0.25 | G13: 0.25 | H13: 0.25 | I13: Velara por la recopilar información y realizar auditorías, analizar los registros contables, elaborar el balance de los ingresos y gastos contable correspondiente, garantizar que tantos los ingresos como los egresos de dinero hayan sido debidamente registrados, elaborar informes financieros y realizar recomendaciones. | P13: =+$D$13*E13 -> 1500000 | Q13: =+$D$13*F13 -> 1500000 | R13: =+$D$13*G13 -> 1500000 | S13: =+$D$13*H13 -> 1500000 | T13: =SUM(P13:S13) -> 6000000
C14: REVISOR FISCAL Dedicación 10% | D14: 1800000 | E14: 0.25 | F14: 0.25 | G14: 0.25 | H14: 0.25 | I14: Impartir las instrucciones, practicar las inspecciones y solicitar los informes que sean necesarios para establecer un control permanente sobre los valores sociales, autorizar con su firma cualquier balance que se haga, con su dictamen o informe correspondiente, | P14: =+$D$14*E14 -> 450000 | Q14: =+$D$14*F14 -> 450000 | R14: =+$D$14*G14 -> 450000 | S14: =+$D$14*H14 -> 450000 | T14: =SUM(P14:S14) -> 1800000
C15: DIRECTOR EJECUTIVO Dedicación 25% | D15: 11250000 | E15: 0.25 | F15: 0.25 | G15: 0.25 | H15: 0.25 | I15: Participar en los comités operativos, apoyo a las acciones de sinergia con entidades territoriales, reuniones permanentes con equipo de seguimiento y coordinación general, velando siempre por el cumplimiento de los objetivos y metas establecidas en el presente proyecto. | P15: =+$D$15*E15 -> 2812500 | Q15: =+$D$15*F15 -> 2812500 | R15: =+$D$15*G15 -> 2812500 | S15: =+$D$15*H15 -> 2812500 | T15: =SUM(P15:S15) -> 11250000
C16: DIRECTOR PROGRAMATICO Dedicación 33.3% | D16: 12000000 | E16: 0.25 | F16: 0.25 | G16: 0.25 | H16: 0.25 | I16: Impartir sugerencias por escrito, y formular las observaciones que se estime conveniente sobre el desarrollo del contrato, siempre enmarcado dentro de los términos del mismo. Apoyar el seguimiento administrativo y financiero de los proyectos, velar por la articulación con los aspectos técnicos, y realizar los ajustes que se requieran para cumplir con los compromisos adquiridos | P16: =+$D$16*E16 -> 3000000 | Q16: =+$D$16*F16 -> 3000000 | R16: =+$D$16*G16 -> 3000000 | S16: =+$D$16*H16 -> 3000000 | T16: =SUM(P16:S16) -> 12000000
C17: COORDINADOR SEGUIMIENTO Dedicación 50% | D17: 14400000 | E17: 0.25 | F17: 0.25 | G17: 0.25 | H17: 0.25 | I17: Supervisar el avance técnico frente al POA y Hacer seguimiento a la utilización de los recursos que el proyecto requiere. | P17: =+$D$17*E17 -> 3600000 | Q17: =+$D$17*F17 -> 3600000 | R17: =+$D$17*G17 -> 3600000 | S17: =+$D$17*H17 -> 3600000 | T17: =SUM(P17:S17) -> 14400000
C18: PROFESIONAL SEGUIMIENTO Y MONITOREO Dedicación 50% | D18: 9000000 | E18: 0.25 | F18: 0.25 | G18: 0.25 | H18: 0.25 | I18: Sera el apoyo para llevar registros, archivos, genera alertas al coordinador, consolidar informes y otras actividades asignadas. | P18: =+$D$18*E18 -> 2250000 | Q18: =+$D$18*F18 -> 2250000 | R18: =+$D$18*G18 -> 2250000 | S18: =+$D$18*H18 -> 2250000 | T18: =SUM(P18:S18) -> 9000000
C19: PROFESIONAL JURIDICO ADMON Dedicación 20% | D19: 2520000 | E19: 0.25 | F19: 0.25 | G19: 0.25 | H19: 0.25 | I19: Brindará asistencia y apoyo jurídico en diversos temas y asuntos clave dentro de la ejecución del proyecto, realizará investigaciones y análisis que se le requieran sobre la normativa regional y nacional, apoyara proceso administrativo en temas de redacción y elaboración de contratos. | P19: =+$D$19*E19 -> 630000 | Q19: =+$D$19*F19 -> 630000 | R19: =+$D$19*G19 -> 630000 | S19: =+$D$19*H19 -> 630000 | T19: =SUM(P19:S19) -> 2520000
C20: TALENTO HUMANO Dedicación 33% | D20: 9000000 | E20: 0.25 | F20: 0.25 | G20: 0.25 | H20: 0.25 | I20: Coordinar el proceso de convocatoria, selección y vinculación del equipo profesional convenio. | P20: =+$D$20*E20 -> 2250000 | Q20: =+$D$20*F20 -> 2250000 | R20: =+$D$20*G20 -> 2250000 | S20: =+$D$20*H20 -> 2250000 | T20: =SUM(P20:S20) -> 9000000
C21: AUXILIAR TALENTO HUMANO Dedicación 33% | D21: 4800000 | E21: 0.25 | F21: 0.25 | G21: 0.25 | H21: 0.25 | I21: Apoyar las actividades asignadas por la Coordinación del área. | P21: =+$D$21*E21 -> 1200000 | Q21: =+$D$21*F21 -> 1200000 | R21: =+$D$21*G21 -> 1200000 | S21: =+$D$21*H21 -> 1200000 | T21: =SUM(P21:S21) -> 4800000
C22: AUXILIAR COMUNICACIONES Dedicación 33% | D22: 4800000 | E22: 0.25 | F22: 0.25 | G22: 0.25 | H22: 0.25 | I22: Apoyo a diagramación, corrector de estilo de posibles publicaciones, y encargado de la promoción y divulgación del proyecto (Redes Sociales y pagina Web) | P22: =+$D$22*E22 -> 1200000 | Q22: =+$D$22*F22 -> 1200000 | R22: =+$D$22*G22 -> 1200000 | S22: =+$D$22*H22 -> 1200000 | T22: =SUM(P22:S22) -> 4800000
C23: PROFESIONAL EN SISTEMAS Y PROGRAMACION (Experto en Sistema Información Corprogreso) Dedicación 80% | D23: 21000000 | E23: 0.25 | F23: 0.25 | G23: 0.25 | H23: 0.25 | I23: Soporte y parametrizador del sistema SICOR, montaje y monitoreo de servidores virtuales que se tienen tanto en Amazon Web Services como en Microsoft Azure. | P23: =+$D$23*E23 -> 5250000 | Q23: =+$D$23*F23 -> 5250000 | R23: =+$D$23*G23 -> 5250000 | S23: =+$D$23*H23 -> 5250000 | T23: =SUM(P23:S23) -> 21000000
D24: =SUM(D12:D23) -> 132570000 | E24: =SUM(E12:E23)/12 -> 0.25 | F24: =SUM(F12:F23)/12 -> 0.25 | G24: =SUM(G12:G23)/12 -> 0.25 | H24: =SUM(H12:H23)/12 -> 0.25 | P24: =SUM(P12:P23) -> 33142500 | Q24: =SUM(Q12:Q23) -> 33142500 | R24: =SUM(R12:R23) -> 33142500 | S24: =SUM(S12:S23) -> 33142500 | T24: =SUM(P24:S24) -> 132570000
C26: Concepto | D26: Cantidad | E26: LINEA DE ACCION #1 | F26: LINEA DE ACCION #2 | G26: LINEA DE ACCION #3 | H26: LINEA DE ACCION #4 | I26: NOTAS ACLARATORIAS
B27: Insumos Operativos de Contrapartida en Especie para el Proyecto | C27: OFICINAS EQUIPO PROFESIONAL CONVENIO | D27: 60000000 | E27: 0.25 | F27: 0.25 | G27: 0.25 | H27: 0.25 | I27: Esta oficina estará disponible para el equipo profesional del convenio | N27: APORTE EN ESPECIE | P27: =+$D$27*E27 -> 15000000 | Q27: =+$D$27*F27 -> 15000000 | R27: =+$D$27*G27 -> 15000000 | S27: =+$D$27*H27 -> 15000000 | T27: =SUM(P27:S27) -> 60000000 | U27: =+SUM(T27:T39) -> 225780000
C28: COMUNICACIONES (Internet, Telefonia Movil ) | D28: 5400000 | E28: 0.25 | F28: 0.25 | G28: 0.25 | H28: 0.25 | I28: Internet puestos de trabajo y lineas moviles equipo tranversal | P28: =+$D$28*E28 -> 1350000 | Q28: =+$D$28*F28 -> 1350000 | R28: =+$D$28*G28 -> 1350000 | S28: =+$D$28*H28 -> 1350000 | T28: =SUM(P28:S28) -> 5400000
C29: SERVIDOR | D29: 6000000 | E29: 0.25 | F29: 0.25 | G29: 0.25 | H29: 0.25 | I29: El proyecto requiere un servidor dedicado para proteger, almacenar y resguardar la información, también nos ayudaría al acceso de la información a nivel nacional. | P29: =+$D$29*E29 -> 1500000 | Q29: =+$D$29*F29 -> 1500000 | R29: =+$D$29*G29 -> 1500000 | S29: =+$D$29*H29 -> 1500000 | T29: =SUM(P29:S29) -> 6000000
C30: PUESTOS DE TRABAJO | D30: 25200000 | E30: 0.25 | F30: 0.25 | G30: 0.25 | H30: 0.25 | I30: Son 11 puestos asignados al equipo transversal para la duración del proyecto | P30: =+$D$30*E30 -> 6300000 | Q30: =+$D$30*F30 -> 6300000 | R30: =+$D$30*G30 -> 6300000 | S30: =+$D$30*H30 -> 6300000 | T30: =SUM(P30:S30) -> 25200000
C31: EQUIPOS COMPUTOS | D31: 27600000 | E31: 0.25 | F31: 0.25 | G31: 0.25 | H31: 0.25 | I31: Equipos de cómputos asignados a los profesionales transversales del proyecto | P31: =+$D$31*E31 -> 6900000 | Q31: =+$D$31*F31 -> 6900000 | R31: =+$D$31*G31 -> 6900000 | S31: =+$D$31*H31 -> 6900000 | T31: =SUM(P31:S31) -> 27600000
C32: TABLETS EQUIPO TERRITORIO | D32: 10080000 | E32: 0.25 | F32: 0.25 | G32: 0.25 | H32: 0.25 | I32: Tables asignados al equipo profesionales convenio del proyecto para trabajo en territorio | P32: =+$D$32*E32 -> 2520000 | Q32: =+$D$32*F32 -> 2520000 | R32: =+$D$32*G32 -> 2520000 | S32: =+$D$32*H32 -> 2520000 | T32: =SUM(P32:S32) -> 10080000
C33: SCANER DE ALTO RENDIMIENTO | D33: 2340000 | E33: 0.25 | F33: 0.25 | G33: 0.25 | H33: 0.25 | I33: Insumos necesarios para la operatividad del proyecto | P33: =+$D$33*E33 -> 585000 | Q33: =+$D$33*F33 -> 585000 | R33: =+$D$33*G33 -> 585000 | S33: =+$D$33*H33 -> 585000 | T33: =SUM(P33:S33) -> 2340000
C34: IMPRESORAS MULTIFUNCIONALES | D34: 10080000 | E34: 0.25 | F34: 0.25 | G34: 0.25 | H34: 0.25 | I34: Insumos necesarios para la operatividad del proyecto | P34: =+$D$34*E34 -> 2520000 | Q34: =+$D$34*F34 -> 2520000 | R34: =+$D$34*G34 -> 2520000 | S34: =+$D$34*H34 -> 2520000 | T34: =SUM(P34:S34) -> 10080000
C35: PAPELERIA | D35: 4680000 | E35: 0.25 | F35: 0.25 | G35: 0.25 | H35: 0.25 | I35: Insumos necesarios para la operatividad del proyecto | P35: =+$D$35*E35 -> 1170000 | Q35: =+$D$35*F35 -> 1170000 | R35: =+$D$35*G35 -> 1170000 | S35: =+$D$35*H35 -> 1170000 | T35: =SUM(P35:S35) -> 4680000
C36: INSUMOS Y MANTENIMIENTO EQUIPOS IT | D36: 1200000 | E36: 0.25 | F36: 0.25 | G36: 0.25 | H36: 0.25 | I36: Insumos necesarios para la operatividad del proyecto | P36: =+$D$36*E36 -> 300000 | Q36: =+$D$36*F36 -> 300000 | R36: =+$D$36*G36 -> 300000 | S36: =+$D$36*H36 -> 300000 | T36: =SUM(P36:S36) -> 1200000
C37: SISTEMAS DE INFORMACION SICOR | D37: 43200000 | E37: 0.25 | F37: 0.25 | G37: 0.25 | H37: 0.25 | I37: Sirve para proceso de convocatoria, contratación y vinculación del talento humano, para levantamiento de información en campo a través de dispositivos móviles de manera Of line, nos permite el monitoreo y seguimiento a través de evidencias (Parametrización POA, Cargue de Evidencia, seguimiento y monitoreo) | P37: =+$D$37*E37 -> 10800000 | Q37: =+$D$37*F37 -> 10800000 | R37: =+$D$37*G37 -> 10800000 | S37: =+$D$37*H37 -> 10800000 | T37: =SUM(P37:S37) -> 43200000
C38: ESTRATEGIA DE COMUNICACIONES PARA LA VISIVILIZACION DEL PROGRAMA | D38: 10000000 | E38: 0 | F38: 0.2 | G38: 0.4 | H38: 0.4 | I38: Se hará un plan de trabajo con los componentes de recopilación de evidencia, divulgación de las mismas y entrega de un insumo final (Cartilla Virtual ruta de atención del programa) | P38: =+$D$38*E38 -> 0 | Q38: =+$D$38*F38 -> 2000000 | R38: =+$D$38*G38 -> 4000000 | S38: =+$D$38*H38 -> 4000000 | T38: =SUM(P38:S38) -> 10000000
C39: DOCUMENTO MEMORIA RURALIDAD EN COLOMBIA | D39: 20000000 | E39: 0 | F39: 0.2 | G39: 0.4 | H39: 0.4 | I39: Historial de lo que ha venido pasando con relación a la entrega de tierras y la coyuntura social del país. Analisis Línea de tiempo con relación a la adjudicación de tierras. Documento tipo informe | P39: =+$D$39*E39 -> 0 | Q39: =+$D$39*F39 -> 4000000 | R39: =+$D$39*G39 -> 8000000 | S39: =+$D$39*H39 -> 8000000 | T39: =SUM(P39:S39) -> 20000000
D40: =SUM(D27:D37) -> 195780000 | E40: =SUM(E27:E39)/11 -> 0.25 | F40: =SUM(F27:F37)/11 -> 0.25 | G40: =SUM(G27:G37)/11 -> 0.25 | H40: =SUM(H27:H37)/11 -> 0.25 | P40: =SUM(P27:P39) -> 48945000 | Q40: =SUM(Q27:Q39) -> 54945000 | R40: =SUM(R27:R39) -> 60945000 | S40: =SUM(S27:S39) -> 60945000 | T40: =SUM(T27:T39) -> 225780000
D41: =SUM(D38:D39) -> 30000000 | E41: =SUM(E38:E39) -> 0 | F41: =SUM(F38:F39)/2 -> 0.2 | G41: =SUM(G38:G39)/2 -> 0.4 | H41: =SUM(H38:H39)/2 -> 0.4 | N41: contrapartida efectivo+especie | P41: =+P40+P24+P10 -> 112587500 | Q41: =+Q40+Q24+Q10 -> 105387500 | R41: =+R40+R24+R10 -> 123437500 | S41: =+S40+S24+S10 -> 309777500 | T41: =SUM(P41:S41) -> 651190000
